 Dungeon Crawl Stone Soup version 0.31.0-12-g77e489cdc1 (webtiles) character file.

Game seed: 13710813625667549827

2944 Gadfly the Skirmisher (level 10, -6/54 HPs)
             Began as a Kobold Hunter on Feb 14, 2024.
             Was a Believer of Hepliaklqana.
             Mangled by Grum
             ... wielding a +0 glaive
              (26 damage)
             ... on level 8 of the Dungeon.
             The game lasted 00:17:11 (7078 turns).

Gadfly the Skirmisher (Kobold Hunter)               Turns: 7078, Time: 00:17:12

Health: -6/54      AC:  4    Str:  8    XL:     10   Next: 7%
Magic:  15/15      EV: 20    Int: 11    God:    Hepliaklqana [**....]
Gold:   388        SH:  0    Dex: 23    Spells: 9/9 levels left

rFire   . . .        a - +4 shortbow
rCold   . . .        (shield currently unavailable)
rNeg    . . .        f - +2 robe {Will+}
rPois   .            (no helmet)
rElec   .            (no cloak)
rCorr   .            (no gloves)
SInv    +            (no boots)
Will    +....        e - amulet of regeneration
Stlth   +++          g - ring of see invisible
HPRegen 1.09/turn    h - ring of flight
MPRegen 0.14/turn

%: no passive effects
@: flying
A: reduced essence, small, no large weapons, nightstalker 3
a: Renounce Religion, Ancestor Life: Knight, Ancestor Life: Battlemage, Ancestor
Life: Hexer, Recall Ancestor, Ancestor Identity


You were on level 8 of the Dungeon.
You worshipped Hepliaklqana.
Hepliaklqana was pleased with you.
You visited 2 branches of the dungeon, and saw 9 of its levels.

You collected 388 gold pieces.

Inventory:

Hand Weapons
 a - a +4 shortbow (weapon)
 b - the +8 whip of Gosox {flame, rN++}
   (You found it on level 3 of the Dungeon)

   rN++:      It greatly protects you from negative energy.
 r - a +2 dagger of draining
Armour
 f - a +2 robe of willpower (worn)
 u - the +0 leather armour of Pantheism {rCorr Int+4}
   (You found it on level 3 of the Dungeon)

   Int+4:     It affects your intelligence (+4).
   rCorr:     It protects you from acid and corrosion.
Jewellery
 e - an amulet of regeneration (around neck)
 g - a ring of see invisible (left hand)
 h - a ring of flight (right hand)
 i - a ring of resist corrosion
 n - a ring of fire
Wands
 m - a wand of acid (7)
 s - a wand of charming (15)
Scrolls
 j - a scroll of butterflies
 o - 3 scrolls of teleportation
Potions
 c - a potion of might
 d - 2 potions of enlightenment
 l - a potion of attraction {unknown}
 p - a potion of mutation
 q - a potion of cancellation


   Skills:
 * Level 6.4 Fighting
 + Level 8.5 Ranged Weapons
 * Level 6.7 Dodging
 - Level 1.3 Stealth
 + Level 7.3 Invocations
 + Level 7.8 Evocations


You had 9 spell levels left.
You didn't know any spells.
Your spell library contained the following spells:

 Spells                   Type           Power      Damage    Failure   Level
 Foxfire                  Conj/Fire      0%         2x1d4     34%         1
 Ensorcelled Hibernation  Hex/Ice        0%         N/A       47%         2
 Fugue of the Fallen      Necr           0%         N/A       71%         3
 Anguish                  Hex/Necr       0%         N/A       98%         4
 Plasma Beam              Fire/Air       0%         2x1d10    100%        6
 Starburst                Conj/Fire      0%         6d3       100%        6


Dungeon Overview and Level Annotations

Branches:
Dungeon (8/15)             Temple (1/1) D:5
   Lair: D:8-11

Altars:
Ashenzari
Cheibriados
Dithmenos
Elyvilon
Fedhas
Gozag
Hepliaklqana
Kikubaaqudgha
Makhleb
Nemelex Xobeh
Okawaru
Qazlal
Ru
Sif Muna
Trog
Uskayaw
Vehumet
Wu Jian
Xom
Yredelemnul
The Shining One

Shops:
D:8 =

Annotations:
D:4 2 transporters, Menkaure
D:8 Grum


Innate Abilities, Weirdness & Mutations

Your life essence is reduced to manifest your ancestor. (-10% HP)
You are small and have problems with some larger weapons.
You are completely attuned to the shadows.


Message History

You shoot an arrow. The arrow closely misses Grum.
Grum closely misses you.
You shoot an arrow. The arrow hits Grum.
Grum is moderately wounded.
Grum hits you from afar with a +0 glaive!!
You shoot an arrow. The arrow hits Grum.
Grum is moderately wounded.
Grum hits you from afar with a +0 glaive!!
* * * LOW HITPOINT WARNING * * *
You are too injured to fight recklessly!
You are too injured to fight recklessly!
You are too injured to fight recklessly!
You are too injured to fight recklessly!
You are too injured to fight recklessly!
You are too injured to fight recklessly!
You are too injured to fight recklessly!
You are too injured to fight recklessly!
You are too injured to fight recklessly!
You are too injured to fight recklessly!
You are too injured to fight recklessly!
You are too injured to fight recklessly!
You are too injured to fight recklessly!
You are too injured to fight recklessly!
You are too injured to fight recklessly!
You are too injured to fight recklessly!
You are too injured to fight recklessly!
You are too injured to fight recklessly!
You are too injured to fight recklessly!
Unknown command.
Grum attacks as he pursues you! Grum misses you. Grum misses you.
Grum attacks as he pursues you! Grum barely misses you.
Items here: ( ))).
Things that are here:
a +0 dagger; a curare-tipped dart Grum attacks as he pursues you!
Grum barely misses you.
Items here: ( )) ††.
There is an entrance to Dysoclor's Jewellery Emporium here.
Grum attacks as he pursues you!
Grum hits you from afar with a +0 glaive!!
You die...

........# #.#
##...# #.#
#....# # #.#
#.#..#
..##.###.#..#
#....)))>.)...
####g#####....
#∩# .#. #@# #
#.# #.#
#.#####
#....<#
#######


You could see Grum.

Vanquished Creatures
  A hornet (D:7)
  An ice beast (D:5)
  An orc warrior (D:7)
  A black bear (D:6)
  3 ogres
  A centaur (D:7)
  3 wolves (D:8)
  2 phantoms
  A kobold brigand (D:8)
  A bullfrog (D:7)
  3 scorpions
  3 killer bees (D:6)
  3 bombardier beetles
  2 jellies
  An orc priest (D:4)
  3 hounds
  2 iguanas (D:5)
  5 orc wizards
  9 gnolls
  10 adders
  2 shadow imps
  3 dart slugs
  3 ribbon worms
  23 orcs
  3 ball pythons
  6 bats
  9 endoplasms
  5 giant cockroaches
  4 goblins
  3 hobgoblins
  10 jackals
  3 quokkas
  5 frilled lizards
  9 kobolds
  5 rats
149 creatures vanquished.

Vanquished Creatures (collateral kills)
  A water moccasin (D:7)
  2 ice beasts (D:7)
  A centaur (D:7)
  A killer bee (D:7)
  A howler monkey (D:6)
  A jelly (D:7)
  An orc wizard (D:7)
8 creatures vanquished.

Vanquished Creatures (others)
  4 ancestors
4 creatures vanquished.

Grand Total: 161 creatures vanquished

Notes
Turn   | Place    | Note
-------+----------+-------------------------------------------
     0 | D:1      | Gadfly the Kobold Hunter began the quest for the Orb.
     0 | D:1      | Reached XP level 1. HP: 12/12 MP: 1/1
   134 | D:1      | Found a faded altar of an unknown god.
   264 | D:1      | Reached XP level 2. HP: 17/17 MP: 2/2
   358 | D:1      | Reached skill level 1 in Evocations
   366 | D:1      | Reached skill level 1 in Invocations
   700 | D:1      | Reached XP level 3. HP: 22/22 MP: 2/4
   794 | D:1      | You fall into a shaft and drop 1 floor!
  1506 | D:2      | Reached XP level 4. HP: 22/27 MP: 5/5
  2140 | D:3      | Found a white marble altar of Elyvilon.
  2143 | D:3      | Found a blossoming altar of Fedhas.
  2273 | D:3      | Identified the +0 leather armour of Pantheism {rCorr Int+4}
  2375 | D:3      | Identified the +8 whip of Gosox {flame, rN++}
  2592 | D:3      | Reached XP level 5. HP: 32/32 MP: 6/6
  3043 | D:4      | Reached XP level 6. HP: 8/37 MP: 8/8
  3115 | D:4      | Reached skill level 6 in Ranged Weapons
  3194 | D:4      | Found an ancient bone altar of Kikubaaqudgha.
  3196 | D:4      | Noticed Menkaure
  3198 | D:4      | Found a basalt altar of Yredelemnul.
  3289 | D:4      | Found a glowing golden altar of the Shining One.
  3296 | D:4      | Reached XP level 7. HP: 41/41 MP: 9/9
  3847 | D:4      | Found a transporter.
  3855 | D:4      | Found a transporter.
  4122 | D:5      | Entered Level 5 of the Dungeon
  4313 | D:5      | Found a staircase to the Ecumenical Temple.
  4321 | Temple   | Entered the Ecumenical Temple
  4332 | Temple   | Became a worshipper of Hepliaklqana the Forgotten
  4402 | D:5      | Reached XP level 8. HP: 48/48 MP: 11/11
  4469 | D:5      | Reached skill level 5 in Evocations
  4513 | D:5      | Found a sparkling altar of Nemelex Xobeh.
  4685 | D:5      | Reached skill level 5 in Invocations
  4856 | D:6      | Reached skill level 7 in Ranged Weapons
  5113 | D:6      | Reached skill level 5 in Dodging
  5142 | D:6      | Reached * piety under Hepliaklqana
  5343 | D:6      | Reached XP level 9. HP: 28/47 MP: 13/13
  5876 | D:7      | Reached skill level 5 in Fighting
  6450 | D:7      | Noticed a hornet
  6464 | D:7      | Killed a hornet
  6465 | D:7      | Reached skill level 8 in Ranged Weapons
  6691 | D:6      | HP: 2/48 [killer bee (4)]
  6815 | D:7      | Reached ** piety under Hepliaklqana
  7010 | D:8      | Found Dysoclor's Jewellery Emporium.
  7048 | D:8      | Reached XP level 10. HP: 50/54 MP: 15/15
  7059 | D:8      | Noticed Grum
  7078 | D:8      | Mangled by Grum

Illustrated notes

Levels and vault maps discovered:
D:1:      minmay_arrival_solitary_statue, layout_basic,
          ebering_ecumenical_altar_hall
D:2:      cheibrodos_helix_gallery, layout_basic, grunt_ministairs_12,
          minmay_pentomino_x2
D:3:      layout_basic, mainiacjoe_overflow_catwalk_spiral
D:4:      layout_cave_pods, lemuel_tele_altar, gammafunk_temple_of_torment
D:5:      layout_gridville, kennysheep_mini, minmay_temple_entry_trees
D:6:      layout_basic
D:7:      layout_gridville, due_unseen_surprise
D:8:      layout_basic, mainiacjoe_overflow_brackets, serial_shops, shop,
          kennysheep_cross_room, uniq_maggie, uniq_erica, uniq_joseph, uniq_grum
Temple:   hellmonk_temple_of_storms

Skill      XL: |  1  2  3  4  5  6  7  8  9 |
---------------+----------------------------+-----
Evocations     | 1 2 3 4 6 7 |  7.8
Invocations    | 1 2 3 4 6 7 |  7.3
Dodging        | 3 4 5 6 |  6.7
Fighting       | 3 4 6 |  6.4
Ranged Weapons | 6 7 8 |  8.5
Stealth        | |  1.3

Action                     |  1- 3 |  4- 6 |  7- 9 | 10-12 || total
---------------------------+-------+-------+-------+-------++-------
  Melee: Whip              |       |    15 |    10 |       ||    25
   Fire: Shortbow          |    75 |    88 |   423 |    11 ||   597
 Invoke: Ancestor Identity |       |       |     1 |       ||     1
    Use: Scroll            |     3 |     4 |     7 |       ||    14
         Potion            |       |       |     4 |       ||     4
 Armour: Leather armour    |    10 |    11 |       |       ||    21
         Robe              |       |     7 |   122 |     5 ||   134
  Dodge: Dodged            |    32 |    41 |   315 |     7 ||   395
